 Dungeon Crawl Stone Soup version 0.22.0-32-gbc6daba (webtiles) character file.

199 poirepourri the Magician (level 5, -5/35 HPs)
             Began as a Mummy Ice Elementalist on Aug 23, 2018.
             Killed by divine providence
             ... invoked by an orc priest
              (12 damage)
             ... on level 4 of the Dungeon.
             The game lasted 00:05:11 (4661 turns).

poirepourri the Magician (Mummy Ice Elementalist)   Turns: 4661, Time: 00:05:12

Health: -5/35      AC:  5    Str: 11    XL:     5   Next: 48%
Magic:  6/13       EV: 12    Int: 16    God:
Gold:   138        SH:  3    Dex: 12    Spells: 1/15 levels left

rFire    x . .     SeeInvis .   i - +2 rapier (venom)
rCold    + . .     Gourm    .   (no shield)
rNeg     + + +     Faith    .   a - +0 robe
rPois    ∞         Spirit   .   j - +0 helmet
rElec    .         Reflect  +   f - scarf {cloud immunity}
rCorr    .         Harm     .   (no gloves)
MR       .....                  n - +1 pair of boots
Stlth    ++........             e - +3 amulet of reflection
HPRegen  0.11/turn              (no ring)
MPRegen  0.13/turn              (no ring)

@: no status effects
A: no food or potions, fire vulnerability, cold resistance 1, negative energy
resistance 3, torment resistance, unbreathing
a: no special abilities


You were on level 4 of the Dungeon.
You were not hungry.

You visited 1 branch of the dungeon, and saw 4 of its levels.

You collected 213 gold pieces.
You spent 75 gold pieces at shops.

Inventory:

Hand Weapons
 i - a +2 rapier of venom (weapon)
Missiles
 g - 7 javelins (quivered)
Armour
 a - a +0 robe (worn)
 f - a scarf of cloud immunity (worn)
 j - a +0 helmet (worn)
 n - a +1 pair of boots (worn)
Jewellery
 e - a +3 amulet of reflection (around neck)
Wands
 d - a wand of paralysis (15)
 o - a wand of flame (24)
Scrolls
 b - 2 scrolls of remove curse
 h - 2 scrolls of teleportation
 m - a scroll of fear


   Skills:
 - Level 1.5 Dodging
 - Level 1.5 Stealth
 - Level 5.5 Spellcasting
 + Level 2.3 Conjurations
 - Level 3.1 Ice Magic


You had one spell level left.
You knew the following spells:

 Your Spells              Type           Power        Failure   Level  Hunger
a - Freeze                Ice            ##..         4%          1    N/A
b - Throw Frost           Conj/Ice       ##....       7%          2    N/A
c - Ozocubu's Armour      Chrm/Ice       #.......     22%         3    N/A
d - Throw Icicle          Conj/Ice       ##......     43%         4    N/A
e - Summon Ice Beast      Ice/Summ       #.......     58%         4    N/A

Your spell library contained the following spells:

 Spells                   Type           Power        Failure   Level  Hunger


Dungeon Overview and Level Annotations

Branches:
Dungeon (4/15)
 Temple: D:4-7

Altars:
Gozag
Kikubaaqudgha

Shops:
D:4 *


Innate Abilities, Weirdness & Mutations

You do not eat or drink.
Your flesh is vulnerable to fire.
You are immune to poison.
Your flesh is cold resistant. (rC+)
You are immune to negative energy. (rN+++)
You are immune to unholy pain and torment.
You can survive without breathing.


Message History

Your magical contamination has completely faded away.
You start resting.
An orc comes into view. It is wielding a club.
An orc is nearby!
An orc is nearby!
An orc is nearby! 2 orcs come into view.
The orc shouts! x2
An orc priest comes into view. It is wielding a trident.
An orc priest comes into view. It is wielding a short sword.
The orc priest shouts!
The orc priest drinks a potion.
The orc priest suddenly seems more resistant.
The orc shouts!
The orc priest invokes the aid of Beogh against you.
Beogh smites you!
* * * LOW HITPOINT WARNING * * *
The orc priest mumbles some strange prayers to Beogh against you.
Beogh smites you!
You die...

##.#.####....#.........
.....<.................
.........................
...#.##.#.o.........#.#...
............o.............
..........................
...##.#.##...o.o..........
...##.#.##...∩o.##..#.#...
..............(.@.........
#.#.......................
#.#.#.#.........†.........
#.........................
#.#.#...........##.<#....#
#.........................
#.#.#....#...............#
#.#.#................(....
........................ #


You could see 2 orc priests and 3 orcs.

Vanquished Creatures
  Jessica (D:3)
  A worker ant (D:4)
  A hound skeleton (D:4)
  Robin (D:2)
  3 adders
  An ooze (D:4)
  A worm (D:2)
  4 dart slugs
  2 leopard geckos (D:2)
  An orc (D:3)
  6 giant cockroaches
  13 goblins
  9 hobgoblins
  4 kobolds
  3 ball pythons
  A ball python skeleton (D:4)
  12 bats
  7 frilled lizards
  8 rats
79 creatures vanquished.

Notes
Turn   | Place    | Note
-------+----------+-------------------------------------------
     0 | D:1      | poirepourri the Mummy Ice Elementalist began the quest for the Orb.
     0 | D:1      | Reached XP level 1. HP: 13/13 MP: 4/4
    41 | D:1      | Reached skill level 3 in Spellcasting
   236 | D:1      | Reached XP level 2. HP: 19/19 MP: 3/6
   244 | D:1      | Learned a level 2 spell: Throw Frost
   736 | D:1      | Reached skill level 4 in Spellcasting
  1556 | D:1      | Reached XP level 3. HP: 18/24 MP: 4/8
  1792 | D:1      | Learned a level 3 spell: Ozocubu's Armour
  2068 | D:2      | Reached skill level 5 in Spellcasting
  2306 | D:2      | Found an opulent altar of Gozag.
  2732 | D:2      | Noticed Robin
  2733 | D:2      | Reached XP level 4. HP: 30/30 MP: 8/11
  2747 | D:2      | Killed Robin
  3856 | D:3      | Learned a level 4 spell: Throw Icicle
  3972 | D:3      | Learned a level 4 spell: Summon Ice Beast
  4167 | D:3      | Noticed Jessica
  4212 | D:3      | Reached skill level 1 in Conjurations
  4349 | D:3      | Killed Jessica
  4349 | D:3      | Reached XP level 5. HP: 35/35 MP: 7/13
  4466 | D:4      | Found an ancient bone altar of Kikubaaqudgha.
  4586 | D:4      | Found Hubul's General Store.
  4596 | D:4      | Bought a scroll of enchant armour for 75 gold pieces
  4661 | D:4      | Killed from afar by an orc priest

Skill      XL: |  1  2  3  4  5 |
---------------+----------------+-----
Spellcasting   | 3 4 5 |  5.5
Ice Magic      | 3 |  3.1
Conjurations   | 1 2 |  2.3
Dodging        | |  1.5
Stealth        | |  1.5

Action                   |  1- 3 |  4- 6 || total
-------------------------+-------+-------++-------
Melee: Unarmed           |    29 |       ||    29
       Rapier            |     6 |    17 ||    23
 Cast: Freeze            |    63 |    45 ||   108
       Throw Frost       |     9 |    15 ||    24
Evoke: Wand              |       |     2 ||     2
  Use: Scroll            |     4 |     8 ||    12
 Stab: Paralysed         |       |     1 ||     1
Armor: Robe              |    29 |    15 ||    44
Dodge: Dodged            |    58 |    28 ||    86
Block: Other             |     2 |     6 ||     8
